Map: Costas tropicales

Players

MrFercho

  • Race: Terran Terran
  • Spawn Location: 5:00

tigro

  • Race: Terran Terran
  • Spawn Location: 6:00

PapaSmurf - Winner!

  • Race: Zerg Zerg
  • Spawn Location: 12:00

AbbySweet - Winner!

  • Race: Terran Terran
  • Spawn Location: 11:00

IA (Difícil)

  • Race: Zerg Zerg
  • Spawn Location: 5:00

VOD

Have the link to the VOD?

Description

Time

  • Played on: July 5, 2019, 11:57 p.m.
  • Length: 9:37
Show
View Real Time Build Order
Export as new Build Order

MrFercho Terran 

Build Orders:  

Get SALT Encoding   

  12  0:02  SCV  
  13  0:14  SCV  
  14  0:24  Supply Depot  
  14  0:43  SCV  
  15  0:52  Barracks  
  15  0:55  SCV  
  16  1:03  Barracks  
  16  1:16  Refinery  
  16  1:20  SCV  
  17  1:32  SCV  
  18  1:44  SCV  
  19  2:00  Refinery  
  19  2:01  Barracks Tech Lab  
  19  2:05  Marine  
  20  2:18  SCV  
  21  2:23  Marine  
  22  2:35  Engineering Bay  
  22  2:41  Marine  
  23  3:02  Barracks Tech Lab  
  23  3:16  Supply Depot  
  23  3:17  Orbital Command  
  23  3:38  Marauder  
  25  3:51  SCV  
  25  4:00  Marauder  
  25  4:01  Marauder  
  29  4:03  SCV  
  29  4:07  Terran Infantry Armor Level 1  
  30  4:16  SCV  
  31  4:21  Factory  
  31  5:02  Supply Depot  
  31  5:13  Marauder x2, SCV  
  36  5:14  Factory Tech Lab  
  36  5:19  Starport  
  36  5:25  SCV  
  37  5:35  Supply Depot  
  37  5:37  SCV  
  38  5:49  SCV  
  39  5:53  Armory  
  39  5:56  Siege Tank  
  42  6:11  Supply Depot  
  42  6:36  Supply Depot  
  42  6:41  Medivac  
  44  6:59  Supply Depot  
  40  7:11  Medivac  
  20  7:23  Supply Depot  
  20  7:47  Supply Depot  
  20  8:11  Supply Depot  
  5  8:33  Supply Depot  
Show
View Real Time Build Order
Export as new Build Order

tigro Terran 

Build Orders:  

Get SALT Encoding   

  12  0:05  SCV  
  13  0:18  Supply Depot  
  13  0:33  SCV  
  14  0:45  SCV  
  15  0:56  Barracks  
  15  0:57  SCV  
  16  1:09  SCV  
  17  1:12  Refinery  
  17  1:25  Refinery  
  17  1:58  Command Center  
  17  1:59  Marine  
  18  2:17  Marine  
  19  2:35  Marine  
  19  2:53  Marine  
  20  3:11  Marine  
  21  3:26  SCV  
  22  3:29  Reaper  
  23  3:38  SCV  
  24  4:01  Reaper  
  25  4:21  Engineering Bay  
  25  4:33  Reaper  
  26  4:54  Refinery  
  26  4:56  Refinery  
  26  5:05  Marine, Orbital Command  
  27  5:22  Marine  
  28  5:32  Factory  
  28  5:34  Planetary Fortress  
  28  5:46  Barracks Tech Lab  
  28  6:00  Terran Infantry Weapons Level 1  
  28  6:15  Combat Shield  
  28  6:26  Marauder  
  28  6:29  Factory Tech Lab  
  29  6:48  Marauder  
  31  7:09  Marauder  
  33  7:30  Marauder  
  33  7:34  Concussive Shells  
  25  7:52  Marauder  
  25  8:01  Siege Tank  
  26  8:13  Marauder  
Show
View Real Time Build Order
Export as new Build Order

PapaSmurf Zerg - Winner!

Build Orders: Hatch First 

Get SALT Encoding   

  12  0:29  Hatchery  
  12  0:35  Drone  
  12  0:36  Drone  
  12  0:41  Drone  
  14  0:48  Extractor  
  14  0:50  Drone  
  14  0:59  Overlord  
  14  1:20  Drone  
  14  1:21  Spawning Pool  
  14  1:26  Drone  
  14  1:30  Drone  
  16  1:42  Drone x2  
  18  1:53  Drone x2  
  20  2:05  Drone x2  
  22  2:20  Drone  
  23  2:22  Hatchery  
  23  2:24  Metabolic Boost  
  23  2:27  Drone  
  24  2:30  Drone  
  24  2:35  Drone x2  
  26  2:38  Drone  
  27  2:48  Drone  
  27  2:50  Overlord  
  28  3:04  Hatchery  
  27  3:07  Drone  
  27  3:12  Drone x3  
  31  3:19  Drone x2  
  33  3:30  Drone x2  
  33  3:33  Evolution Chamber  
  34  3:34  Evolution Chamber  
  34  3:35  Drone  
  34  3:38  Drone  
  35  3:47  Drone x2  
  37  3:51  Drone x2  
  39  4:01  Zerg Ground Armor Level 1  
  39  4:02  Zergling x2  
  40  4:03  Zergling x4  
  40  4:05  Hatchery  
  41  4:15  Zergling x2  
  41  4:16  Zergling x4  
  44  4:21  Zergling x4  
  44  4:22  Zergling x2  
  47  4:28  Zergling x2  
  48  4:38  Zerg Melee Weapons Level 1  
  48  4:40  Overlord  
  48  4:41  Overlord x3  
  48  4:52  Overlord  
  38  5:01  Zergling x2  
  38  5:02  Zergling x16  
  47  5:07  Zergling x4  
  49  5:15  Zergling x6  
  49  5:19  Zergling x2  
  52  5:41  Zergling x16  
  60  5:48  Lair  
  60  5:50  Zergling x4  
  60  5:51  Zergling x4, Hatchery  
  60  5:55  Zergling x2  
  64  5:58  Hatchery  
  63  6:13  Zergling x8  
  63  6:14  Zergling x6  
  63  6:17  Zergling x4  
  72  6:19  Drone  
  72  6:21  Drone  
  74  6:28  Zergling x4  
  76  6:36  Hatchery  
  76  6:37  Hatchery  
  74  6:41  Hatchery  
  74  6:44  Hatchery  
  72  6:50  Zergling x16  
  80  6:56  Zergling x4  
  83  7:08  Zergling x10  
  84  7:17  Zergling x12  
  85  7:23  Zergling x8  
  81  7:42  Zergling x2  
  81  7:43  Zergling x18  
  91  7:46  Zergling x2  
  91  7:47  Zergling x6  
  91  7:50  Zergling x4  
  95  7:58  Zergling x2  
  95  7:59  Zergling x2  
  95  8:02  Drone x3  
  95  8:03  Drone x3  
  95  8:04  Drone x5  
  108  8:17  Zergling x2  
  108  8:18  Zergling x6  
  112  8:20  Zergling x2  
  112  8:21  Zergling x2  
  112  8:22  Zergling x2  
  112  8:41  Zergling x6  
  113  8:45  Zergling x22  
  113  8:47  Zergling x2  
  124  9:00  Overlord  
  124  9:01  Overlord x5  
Show
View Real Time Build Order
Export as new Build Order

AbbySweet Terran - Winner!

Build Orders: Gas First Reaper Expand, Mech 

Get SALT Encoding   

  12  0:03  SCV  
  13  0:15  SCV  
  14  0:24  Supply Depot  
  14  0:27  SCV  
  15  0:33  Refinery  
  15  0:45  SCV  
  15  0:48  Barracks  
  16  1:00  SCV  
  17  1:12  SCV  
  18  1:25  SCV  
  19  1:36  Reaper  
  19  1:38  Orbital Command  
  20  1:48  Command Center  
  20  2:04  Factory, Refinery  
  20  2:07  SCV  
  21  2:19  SCV  
  22  2:26  Barracks Tech Lab  
  22  2:32  SCV  
  23  2:39  Supply Depot  
  23  3:00  SCV  
  23  3:05  Orbital Command  
  24  3:10  Siege Tank  
  24  3:12  SCV  
  28  3:24  SCV  
  29  3:33  Command Center  
  29  3:36  SCV  
  29  3:38  SCV  
  31  3:46  Cyclone  
  35  3:48  SCV  
  35  3:50  SCV  
  36  3:56  Refinery  
  36  3:58  Refinery  
  36  4:00  SCV  
  37  4:05  SCV  
  37  4:06  Barracks Tech Lab  
  37  4:07  Factory  
  38  4:12  SCV  
  38  4:15  Supply Depot  
  39  4:17  SCV  
  40  4:24  SCV  
  40  4:29  SCV  
  42  4:33  Siege Tank  
  42  4:36  SCV  
  46  4:41  SCV  
  47  4:46  SCV  
  47  4:47  Factory  
  47  4:49  SCV  
  47  4:50  Armory  
  49  4:53  SCV  
  49  4:55  Armory  
  49  4:58  SCV  
  51  5:05  Siege Tank  
  54  5:10  Orbital Command  
  54  5:11  Barracks Reactor  
  54  5:12  Supply Depot, Engineering Bay  
  54  5:13  SCV  
  54  5:14  SCV  
  56  5:27  SCV x2  
  58  5:32  Supply Depot  
  58  5:33  Siege Tank  
  61  5:37  SCV, Siege Tank  
  61  5:39  SCV x2  
  67  5:49  SCV  
  68  5:59  Terran Vehicle And Ship Armor Level 1, Terran Vehicle Weapons Level 1  
  68  6:04  Missile Turret  
  68  6:05  Missile Turret  
  68  6:06  Refinery, SCV x3  
  68  6:07  Refinery  
  68  6:09  Supply Depot  
  68  6:10  Hellion  
  68  6:11  Supply Depot  
  73  6:12  Supply Depot, Hellion  
  73  6:18  SCV x3  
  77  6:25  Missile Turret  
  78  6:30  SCV  
  79  6:33  Infernal Pre-Igniter  
  79  6:35  Hellion x2  
  79  6:36  Hellion x2  
  87  6:42  Supply Depot  
  87  6:43  Supply Depot  
  87  6:55  SCV x3  
  87  6:57  Hellion x2  
  94  7:06  Hellion x2  
  98  7:13  Factory x2  
  98  7:15  Factory  
  98  7:27  Siege Tank x2  
  104  7:38  Hellion x2  
  108  7:48  SCV x3  
  111  7:52  Command Center  
  111  7:58  Thor  
  111  7:59  Hellion  
  111  8:00  SCV x2  
  113  8:20  Siege Tank  
  113  8:21  Factory Tech Lab x2  
  113  8:22  Hellion x2, Factory Tech Lab  
  118  8:42  Siege Tank  
  118  8:44  Hellion  
  123  8:50  Hellion  
  123  8:53  Supply Depot x2  
  123  8:55  Supply Depot  
  125  8:58  Siege Tank  
  125  8:59  Supply Depot  
  125  9:00  Supply Depot x2  
  146  9:05  Hellion  
  148  9:14  Hellion  
  153  9:18  Supply Depot  
Show
View Real Time Build Order
Export as new Build Order

IA (Difícil) Zerg 

Build Orders: 1 Base Baneling Bust, Pool First 

Get SALT Encoding   

  12  0:01  Drone  
  13  0:12  Overlord  
  13  0:18  Drone  
  14  0:30  Drone  
  14  0:32  Drone  
  16  0:44  Spawning Pool  
  16  0:46  Drone  
  16  0:51  Drone  
  16  0:55  Extractor  
  16  0:58  Drone  
  17  1:06  Overlord  
  17  1:31  Zergling x2, Queen  
  20  1:33  Zergling x2  
  20  1:38  Drone  
  22  1:43  Roach Warren  
  21  1:49  Drone  
  21  1:50  Extractor  
  21  2:01  Baneling Nest  
  20  2:07  Drone  
  21  2:11  Drone  
  22  2:21  Drone  
  22  2:32  Zergling x2  
  22  2:37  Drone  
  22  2:38  Zergling x2  
  22  2:43  Overlord  
  24  2:47  Baneling  
  24  2:48  Zergling x2  
  25  2:54  Drone  
  26  3:00  Baneling  
  26  3:05  Zergling x2  
  27  3:07  Baneling  
  27  3:09  Zergling x2  
  27  3:12  Zergling x2  
  29  3:14  Zergling x2  
  29  3:18  Zergling x2  
  31  3:28  Baneling  
  31  3:30  Zergling x2  
  32  3:38  Baneling  
  32  3:39  Overlord  
  32  3:40  Baneling  
  32  3:41  Zergling x2  
  32  3:43  Zergling x2  
  32  3:47  Drone  
  35  3:51  Drone  
  36  4:01  Drone  
  36  4:02  Evolution Chamber  
  36  4:12  Drone  
  36  4:14  Drone  
  36  4:15  Drone  
  40  4:17  Drone  
  40  4:24  Overlord  
  40  4:35  Roach  
  42  4:45  Evolution Chamber, Roach  
  43  4:46  Lair  
  40  5:01  Drone  
  40  5:05  Roach  
  42  5:13  Roach  
  44  5:21  Overlord  
  44  5:27  Metabolic Boost  
  41  5:33  Zerg Melee Weapons Level 1  
  36  5:42  Zerg Ground Armor Level 1  
  36  5:49  Hydralisk Den  
  35  5:51  Drone  
  35  5:57  Burrow  
  36  5:59  Zergling x2  
  37  6:08  Roach  
  39  6:16  Roach  
  41  6:24  Hydralisk  
  43  6:32  Overseer  
  43  6:34  Roach  
  43  6:35  Overseer  
  45  6:41  Spore Crawler  
  45  6:42  Roach  
  45  6:45  Spore Crawler  
  45  6:46  Hatchery  
  44  6:50  Hydralisk  
  46  6:59  Hydralisk  
  48  7:06  Roach  
  48  7:07  Hydralisk, Drone  
  51  7:08  Roach  
  51  7:10  Drone  
  51  7:11  Roach  
  51  7:14  Roach  
  52  7:19  Spine Crawler  
  52  7:20  Drone  
  46  7:26  Roach  
  40  7:34  Roach  
  30  7:43  Drone  
  14  7:45  Drone  
  9  7:53  Drone  
  9  8:01  Drone  
  9  8:03  Drone  
  7  8:06  Drone  
  6  8:18  Drone  
  3  8:39  Drone  
  3  8:45  Drone x2  
  3  8:53  Drone  
  1  9:17  Drone  
Tags
 
Add a new tag
Caveats
  • Supply blocks, unpowered buildings, or Contaminate may cause inaccurate times.
  • Supply counts are checked every 10 seconds.